 Dungeon Crawl Stone Soup version 0.21-a0-39-g28ea6b7 (webtiles) character file.

113 Duffy the Shield-Bearer (level 5, -13/41 HPs)
             Began as a Formicid Fighter on June 1, 2017.
             Mangled by an ogre
             ... wielding a +0 giant club
              (15 damage)
             ... on level 3 of the Dungeon.
             The game lasted 00:01:39 (1620 turns).

Duffy the Shield-Bearer (Formicid Fighter)          Turns: 1620, Time: 00:01:39

Health: -13/41     AC:  6    Str: 25    XL:     5   Next: 17%
Magic:  5/5        EV:  8    Int:  8    God:
Gold:   112        SH: 10    Dex: 10    Spells: 4/4 levels left

rFire    . . .     SeeInvis +   a - +0 war axe
rCold    . . .     Gourm    .   c - +0 shield
rNeg     . . .     Faith    .   b - +0 scale mail
rPois    .         Spirit   .   (helmet unavailable)
rElec    .         Reflect  .   (no cloak)
rCorr    .         Harm     .   (no gloves)
MR       .....                  (no boots)
Stlth    ..........             (no amulet)
Regen    0.2/turn               i - +4 ring of strength
MPRegen  0.1/turn               m - ring of flight

@: no status effects
A: permanent stasis, dig shafts and tunnels, four strong arms, antennae 3
a: Dig, Shaft Self, Evoke Flight


You were on level 3 of the Dungeon.
You were not hungry.

You visited 1 branch of the dungeon, and saw 3 of its levels.

You collected 112 gold pieces.

Inventory:

Hand Weapons
 a - a +0 war axe (weapon)
Missiles
 p - 22 bolts
Armour
 b - a +0 scale mail (worn)
 c - a +0 shield (worn)
Jewellery
 i - a +4 ring of strength (left hand)
 m - a ring of flight (right hand)
Scrolls
 k - 3 scrolls of identify {unknown}
 l - a scroll of teleportation {unknown}
 o - a scroll of blinking {unknown}
 q - a scroll of fear {unknown}
 s - a scroll of immolation {unknown}
Potions
 d - a potion of might
 e - a potion of brilliance {unknown}
 h - 2 potions of ambrosia {unknown}
 j - a potion of lignification {unknown}
 r - 2 potions of magic {unknown}
Comestibles
 f - 6 bread rations
 g - 2 royal jellies
 n - 7 chunks of flesh


   Skills:
 - Level 3.2 Fighting
 + Level 3.6 Axes
 - Level 3.2 Armour
 + Level 5.4 Shields


You had 4 spell levels left.
You didn't know any spells.

Dungeon Overview and Level Annotations

Branches:
Dungeon (3/15)

Altars:
Ashenzari
Okawaru


Innate Abilities, Weirdness & Mutations

You cannot be hasted, slowed, berserked, paralysed or teleported.
You can dig through walls and to a lower floor.
Your four strong arms can wield two-handed weapons with a shield.
You have a pair of large antennae on your head. (SInv)


Message History

The ogre is moderately wounded.
The ogre hits you with a giant club!!
Ouch! That really hurt!
You are too injured to fight recklessly!
You are too injured to fight recklessly!
You are too injured to fight recklessly!
You are too injured to fight recklessly!
You are too injured to fight recklessly!
You are too injured to fight recklessly!
You are too injured to fight recklessly!
You are too injured to fight recklessly!
You are too injured to fight recklessly!
You are too injured to fight recklessly!
You are too injured to fight recklessly!
You are too injured to fight recklessly!
You are too injured to fight recklessly!
You barely miss the ogre.
The ogre is moderately wounded.
The ogre hits you with a giant club!
You die...

.)####.###.# ## .. #.##
###. # ##.#####..###...
.. ................ ..
#########...#### #.
##......####
####.########..####)...#
#.............## ####.#
##..(@.#############..
........O# #........
#######.... #........
####.# ......... .#
#........ . ......... ..
#........ ## ######### {


You could see an ogre.

Vanquished Creatures
  Natasha (D:3)
  3 gnolls
  A worm (D:3)
  A leopard gecko (D:1)
  7 orcs (D:3)
  5 bats
  A giant cockroach (D:3)
  6 goblins
  6 hobgoblins
  4 jackals (D:3)
  5 kobolds
  2 frilled lizards (D:2)
  5 rats
47 creatures vanquished.

Vanquished Creatures (others)
  A bat (D:1)
  2 fungi (D:3)
3 creatures vanquished.

Grand Total: 50 creatures vanquished

Notes
Turn   | Place    | Note
-------+----------+-------------------------------------------
     0 | D:1      | Duffy the Formicid Fighter began the quest for the Orb.
     0 | D:1      | Reached XP level 1. HP: 18/18 MP: 1/1
   236 | D:1      | Reached XP level 2. HP: 24/24 MP: 2/2
   353 | D:1      | Found a shattered altar of Ashenzari.
   578 | D:1      | Reached skill level 4 in Shields
  1075 | D:2      | Reached XP level 3. HP: 29/29 MP: 3/3
  1141 | D:3      | Noticed an ogre
  1209 | D:3      | Noticed Natasha
  1213 | D:3      | Killed Natasha
  1213 | D:3      | Reached skill level 5 in Shields
  1213 | D:3      | Reached XP level 4. HP: 29/35 MP: 4/4
  1297 | D:3      | Found an iron altar of Okawaru.
  1318 | D:3      | Reached XP level 5. HP: 19/41 MP: 5/5
  1619 | D:3      | HP: 2/41 [ogre/giant club (21)]
  1620 | D:3      | Mangled by an ogre

Vault maps used:
D:1:      shiori_arrival_oz, ashenzari_altar_1
D:2:      first_bread
D:3:      old_standard_altar, fedhas_altar_3, okawaru_altar_gauntlet_db,
          uniq_natasha

Skill      XL: |  1  2  3 |
---------------+----------+-----
Shields        | 4 5 |  5.4
Axes           | 3 |  3.6
Fighting       | |  3.2
Armour         | |  3.2

Action                   |  1- 3 |  4- 6 || total
-------------------------+-------+-------++-------
Melee: War axe           |    71 |    63 ||   134
 Abil: Dig               |       |     1 ||     1
  Eat: Chunk             |     1 |     2 ||     3
Armor: Scale mail        |    22 |    24 ||    46
Dodge: Dodged            |    28 |    24 ||    52
Block: Shield            |    36 |    43 ||    79
